 Dungeon Crawl Stone Soup version 0.31-a0-222-gefeffbb62a (webtiles) character file.

Game seed: 7937244662250312334

124 Ijustatesigmund the Stinger (level 5, -3/33 HPs)
             Began as an Octopode Venom Mage on July 5, 2023.
             Slain by a kobold
             ... wielding a +0 short sword
              (5 damage)
             ... on level 4 of the Dungeon.
             The game lasted 00:06:07 (3144 turns).

Ijustatesigmund the Stinger (Octopode Venom Mage)   Turns: 3144, Time: 00:06:08

Health: -3/33      AC:  1    Str:  7    XL:     5   Next: 8%
Magic:  8/9        EV: 13    Int: 20    God:
Gold:   175        SH:  0    Dex: 12    Spells: 3/9 levels left

rFire   . . .        c - +7 long sword (heavy)
rCold   + . .        (no shield)
rNeg    . . .        (helmet restricted)
rPois   .            (no amulet)
rElec   .            h - ring of protection from cold
rCorr   .            (no ring)
SInv    .            (no ring)
Will    .....        (no ring)
Stlth   +++          (no ring)
HPRegen 0.25/turn    (no ring)
MPRegen 0.11/turn    (no ring)
                     (no ring)

%: no passive effects
@: about to teleport
A: almost no armour, amphibious, 8 rings, camouflage 1, gelatinous body 1,
(nimble swimmer 1), tentacles
a: no special abilities


You were on level 4 of the Dungeon.
You visited 1 branch of the dungeon, and saw 4 of its levels.

You collected 175 gold pieces.

Inventory:

Hand Weapons
 b - a +1 whip of venom
 c - a +7 heavy long sword (weapon)
Missiles
 s - a throwing net
Armour
 o - an orb of light
Magical Staves
 f - a staff of earth
Jewellery
 g - a ring of flight
 h - a ring of protection from cold (left tentacle)
Scrolls
 d - a scroll of teleportation
 e - a scroll of fog {unknown}
 i - a scroll of amnesia {unknown}
 j - a scroll of silence {unknown}
 l - a scroll of vulnerability {unknown}
 m - 2 scrolls of revelation {unknown}
Potions
 a - a potion of magic
 k - 2 potions of mutation
 n - a potion of lignification
 r - a potion of berserk rage


   Skills:
 - Level 1.1 Fighting
 + Level 0.9 Long Blades
 - Level 2.0 Dodging
 - Level 2.6 Stealth
 + Level 2.8 Spellcasting
 + Level 1.3 Conjurations
 - Level 1.0 Transmutations
 + Level 1.7 Air Magic
 + Level 4.6 Poison Magic


You had 3 spell levels left.
You knew the following spells:

 Your Spells              Type           Power      Damage    Failure   Level
a - Sting                 Tmut/Pois      56%        1d5       4%          1
b - Poisonous Vapours     Pois/Air       30%        N/A       6%          2
c - Mephitic Cloud        Conj/Pois/Air  13%        N/A       16%         3

Your spell library contained the following spells:

 Spells                   Type           Power      Damage    Failure   Level
 Freeze                   Ice            8%         1d3       14%         1
 Spider Form              Tmut/Pois      14%        N/A       14%         3
 Passwall                 Tmut/Erth      3%         N/A       19%         2
 Ensorcelled Hibernation  Hex/Ice        4%         N/A       22%         2
 Swiftness                Air            9%         N/A       22%         3
 Olgreb's Toxic Radiance  Pois           21%        N/A       22%         4
 Anguish                  Hex/Necr       1%         N/A       82%         4


Dungeon Overview and Level Annotations

Branches:
Dungeon (4/15)
 Temple: D:4-7

Altars:


Innate Abilities, Weirdness & Mutations

You cannot wear most types of armour.
You are amphibious.
You can wear up to eight rings at the same time.
Your skin changes colour to match your surroundings (Stealth+).
Your rubbery body absorbs attacks. (AC +1, EV +1)
((You are camouflaged when in or above water. (Stealth+)))
You have tentacles for arms and can constrict up to eight enemies at once.


Message History

Found a scroll labelled FIOHA XIENA.
The kobold shouts!
A bullfrog zombie comes into view.
A scorpion zombie comes into view.
An endoplasm comes into view.
Found 17 gold pieces.
The dart slug barely misses you.
You slice the dart slug!!
You kill the dart slug!
The bullfrog zombie misses you.
The kobold hits you with a +0 short sword.
You closely miss the bullfrog zombie. You grab the bullfrog zombie.
You squeeze the bullfrog zombie, but do no damage.
You constrict the bullfrog zombie. The bullfrog zombie hits you. x2
The kobold misses you. The bullfrog zombie barely misses you.
The kobold misses you.
You slash the bullfrog zombie!
Your squeeze misses the bullfrog zombie.
The bullfrog zombie is heavily damaged.
You constrict the bullfrog zombie. The bullfrog zombie hits you.
The kobold closely misses you. The bullfrog zombie hits you.
The scorpion zombie barely misses you.
The kobold hits you with a +0 short sword.
You release your grip on the bullfrog zombie.
The bullfrog zombie hits you.
* * * LOW HITPOINT WARNING * * *
The bullfrog zombie hits you.
* * * LOW HITPOINT WARNING * * *
The kobold misses you.
The scorpion zombie attacks as you move away!
The scorpion zombie hits you.
* * * LOW HITPOINT WARNING * * *
The kobold hits you with a +0 short sword.
* * * LOW HITPOINT WARNING * * *
There is a stone staircase leading up here.
Okay, then.
As you read the scroll of teleportation, it crumbles to dust.
You feel strangely unstable. The bullfrog zombie misses you.
The scorpion zombie hits you.
* * * LOW HITPOINT WARNING * * *
The kobold hits you with a +0 short sword.
You die...

#......#
#......#
#$.....#
#......#
###......#####
#.....†......?
#.............
#..##ZZK#....$
##@#J.....
#..#....P.
#...# .....
...... .....
.##.... ....
.. ..###. ....
. ... . .##.
$.


You could see a bullfrog zombie, a scorpion zombie and a kobold.

Vanquished Creatures
  An orc priest (D:3)
  2 adders (D:2)
  A worm (D:3)
  2 dart slugs
  4 orcs (D:3)
  6 ball pythons
  8 endoplasms
  2 giant cockroaches
  5 goblins
  3 hobgoblins
  9 kobolds
  3 quokkas
  5 bats
  A frilled lizard (D:2)
  10 rats
62 creatures vanquished.

Notes
Turn   | Place    | Note
-------+----------+-------------------------------------------
     0 | D:1      | Ijustatesigmund the Octopode Venom Mage began the quest for
                  | the Orb.
     0 | D:1      | Reached XP level 1. HP: 11/11 MP: 3/3
   370 | D:1      | Reached XP level 2. HP: 12/18 MP: 1/5
   373 | D:1      | Learned a level 2 spell: Poisonous Vapours
   756 | D:1      | Reached skill level 1 in Fighting
   756 | D:1      | Reached skill level 4 in Poison Magic
   897 | D:1      | Reached XP level 3. HP: 16/23 MP: 1/6
   901 | D:1      | Learned a level 3 spell: Mephitic Cloud
  1255 | D:2      | Reached skill level 1 in Air Magic
  1457 | D:2      | Found a faded altar of an unknown god.
  1462 | D:2      | Got Plato's Spellbook of the Blizzard
  1568 | D:2      | Identified a scroll of acquirement
  1568 | D:2      | Acquired a +7 heavy long sword
  1663 | D:2      | Reached XP level 4. HP: 26/28 MP: 7/7
  2715 | D:3      | Reached skill level 1 in Conjurations
  2785 | D:3      | Reached XP level 5. HP: 24/33 MP: 7/9
  3144 | D:4      | Slain by a kobold

Illustrated notes

Levels and vault maps discovered:
D:1:      dpeg_arrival_court, layout_basic, serial_bayou_pond_e
D:2:      layout_basic, shapermc_ecumenical_altar_rom_forum
D:3:      layout_basic
D:4:      layout_rooms, serial_undead, serial_undead_d, serial_undead_f,
          serial_undead_b, serial_undead_b, amcnicky_mini_corridor_feature

Skill      XL: |  1  2  3  4 |
---------------+-------------+-----
Fighting       | 1 |  1.1
Poison Magic   | 4 |  4.6
Air Magic      | 1 |  1.7
Conjurations   | 1 |  1.3
Long Blades    | |  0.9
Dodging        | |  2.0
Stealth        | |  2.6
Spellcasting   | |  2.8
Transmutations | |  1.0

Action                     |  1- 3 |  4- 6 || total
---------------------------+-------+-------++-------
  Melee: Unarmed           |    15 |       ||    15
         Constrict         |     5 |    10 ||    15
         Tentacles         |     5 |     2 ||     7
         Long sword        |     2 |    35 ||    37
   Fire: Orcbow            |    54 |       ||    54
   Cast: Sting             |    12 |       ||    12
         Poisonous Vapours |     6 |    12 ||    18
    Use: Scroll            |     5 |     4 ||     9
   Stab: Sleeping          |     1 |     5 ||     6
 Armour: Skin              |     1 |     1 ||     2
  Dodge: Dodged            |    29 |    31 ||    60

Table legend: (Time is in decaauts)
 A = Elapsed time spent in this place.
 B = Non-inter-level travel time spent in this place.
 C = Inter-level travel time spent in this place.
 D = Time resting spent in this place.
 E = Time spent auto-exploring this place.
 F = Levels seen in this place.
 G = Mean time per level.
                   A        B        C        D        E       F      G
               +--------+--------+--------+--------+--------+-----+--------+
         Total |   3208 |   3155 |     53 |    758 |   1947 |   4 |  802.0 |
       Dungeon |   3208 |   3155 |     53 |    758 |   1947 |   4 |  802.0 |
               +--------+--------+--------+--------+--------+-----+--------+

Top non-repeatable levels by time:
     D:1: 1251 daAuts
     D:2: 1064 daAuts
     D:3: 880 daAuts
     D:4: 11 daAuts
